cohdb
Replays
Latest Replays
All Replays
Popular Replays
Top Player Replays
Match Explorer
How It Works
Community
CoH3 Stats
Reddit
Sign in to upload your games and track your stats! →
Sign in with Steam
Match 46724123
Unlisted
Match 46724123
Overview
Messages
Build Orders
End
Selects Italian Combined Arms Battlegroup
Selects Bersaglieri Squad
Bersaglieri Squad
Kradschützen Motorcycle Team
Bersaglieri Squad
Construct Light Support Kompanie
Bersaglieri Squad
2.5-tonne Medical Truck
Selects Bersaglieri Bolster
Fire Support Elements
Flakvierling Half-track
Panzerjäger Mechanized Group
Vehicle Survival Package
Tungsten Core Ammunition
Veteran Squad Leaders
Selects Breda Model 30 Light Machine Guns
Construct Panzerarmee Kommand
Armored Reserves
Emergency Repair Kits
Selects Semovente da 75/18 Assault Gun
Selects Strafing Run
Selects Artillery Cover
Tiger Heavy Tank
Boss Of This Gym
Dark Lord Cthulhu
0
0
Comments
sign in to comment!
No comments posted yet!